Map: Jagannatha LE

Players

Neeb

  • Race: Protoss Protoss

Antis - Winner!

  • Race: Zerg Zerg

Event: DreamHack SC2 Masters 2021 Fall

VOD

Have the link to the VOD?

Description

Time

  • Played on: Aug. 4, 2021, 6 p.m.
  • Length: 11:43

All games in this series

Show
View Real Time Build Order
Export as new Build Order

Neeb Protoss 

Build Orders: Archon Immortal 

Get SALT Encoding   

  12  0:00  Probe  
  13  0:12  Probe  
  14  0:20  Pylon  
  14  0:24  Probe  
  15  0:38  Probe (Chrono Boost)  
  15  0:40  Gateway  
  16  0:47  Probe (Chrono Boost)  
  17  0:50  Assimilator  
  17  0:52  Probe (Chrono Boost)  
  18  1:04  Probe  
  19  1:16  Pylon  
  19  1:22  Gateway  
  20  1:25  Zealot (Chrono Boost)  
  20  1:30  Cybernetics Core  
  20  1:32  Probe  
  22  1:44  Zealot (Chrono Boost)  
  24  2:08  Adept (Chrono Boost)  
  28  2:16  Adept (Chrono Boost)  
  28  2:18  Shield Battery  
  24  2:25  Nexus  
  24  2:31  Adept  
  26  2:38  Cybernetics Core  
  26  2:42  Probe  
  27  2:49  Assimilator  
  27  2:55  Pylon, Probe  
  28  3:07  Probe (Chrono Boost)  
  29  3:17  Stargate, Warp Gate  
  29  3:19  Probe (Chrono Boost)  
  30  3:25  Probe (Chrono Boost)  
  31  3:29  Adept  
  31  3:34  Adept, Probe  
  36  3:39  Probe (Chrono Boost)  
  36  3:49  Probe (Chrono Boost)  
  36  3:51  Probe (Chrono Boost)  
  36  3:54  Void Ray (Chrono Boost)  
  37  4:00  Probe (Chrono Boost)  
  37  4:02  Probe (Chrono Boost)  
  43  4:06  Probe  
  43  4:07  Pylon  
  44  4:10  Probe  
  44  4:15  Adept  
  47  4:18  Adept  
  47  4:19  Probe  
  47  4:24  Probe  
  51  4:30  Oracle (Chrono Boost)  
  54  4:31  Probe  
  54  4:36  Probe  
  56  4:40  Pylon  
  56  4:43  Probe  
  57  4:48  Probe  
  58  4:54  Nexus  
  58  4:57  Pylon  
  58  5:01  Oracle (Chrono Boost)  
  61  5:11  Adept  
  61  5:12  Adept  
  61  5:13  Probe x2  
  67  5:18  Pylon  
  67  5:25  Probe  
  68  5:30  Assimilator  
  68  5:31  Assimilator, Probe  
  69  5:36  Robotics Facility  
  69  5:38  Adept x2, Probe  
  74  5:49  Probe  
  71  5:56  Probe  
  72  6:01  Probe  
  72  6:03  Forge  
  67  6:07  Twilight Council, Sentry, Zealot  
  67  6:08  Probe  
  67  6:10  Shield Battery, Probe  
  73  6:13  Probe  
  73  6:14  Pylon  
  74  6:21  Probe (Chrono Boost)  
  74  6:22  Probe (Chrono Boost)  
  74  6:26  Probe (Chrono Boost)  
  74  6:27  Immortal (Chrono Boost)  
  80  6:33  Probe (Chrono Boost)  
  80  6:34  Probe (Chrono Boost)  
  80  6:36  Protoss Ground Weapons Level 1 (Chrono Boost)  
  80  6:37  Probe (Chrono Boost)  
  82  6:40  Probe x2 (Chrono Boost)  
  82  6:42  Probe (Chrono Boost)  
  82  6:46  Probe  
  85  6:48  Charge, Probe  
  85  6:52  Gateway, Probe  
  88  6:56  Pylon  
  88  6:57  Gateway  
  88  6:58  Probe  
  88  7:00  Pylon  
  88  7:01  Sentry x2, Probe  
  90  7:02  Observer (Chrono Boost)  
  90  7:08  Probe  
  96  7:11  Probe  
  96  7:12  Assimilator  
  96  7:15  Assimilator  
  97  7:18  Observer  
  97  7:22  Probe x2  
  100  7:23  Gateway  
  100  7:25  Gateway  
  100  7:26  Templar Archives  
  100  7:35  Gateway  
  100  7:36  Gateway  
  100  7:37  Gateway  
  100  7:38  Gateway  
  100  7:42  Immortal  
  104  7:48  Nexus  
  104  7:54  Pylon  
  104  8:04  High Templar x2  
  104  8:05  Zealot x2  
  112  8:06  Probe x3  
  115  8:13  Shield Battery  
  115  8:15  Photon Cannon  
  115  8:18  Probe  
  116  8:21  Immortal (Chrono Boost)  
  116  8:23  Archon  
  116  8:26  Zealot  
  122  8:35  High Templar x2, Zealot  
  122  8:37  Probe  
  122  8:38  Protoss Ground Weapons Level 2 (Chrono Boost)  
  122  8:40  High Templar x2  
  133  8:44  Archon  
  133  8:51  Pylon  
  133  8:53  Pylon  
  133  8:55  Archon  
  133  8:56  Shield Battery  
  133  8:57  Shield Battery  
  133  9:02  Immortal (Chrono Boost)  
  135  9:04  Zealot x5  
  135  9:09  Observer  
  147  9:23  Assimilator x2  
  147  9:33  High Templar x4  
  147  9:34  Zealot x4  
  163  9:39  Archon  
  163  9:40  Archon  
  163  9:44  Immortal (Chrono Boost)  
  125  9:52  Zealot  
  125  9:53  Zealot  
  125  9:59  Zealot  
  109  10:00  Zealot x3  
  99  10:14  Immortal (Chrono Boost)  
  99  10:17  High Templar x4  
  99  10:20  Zealot x6  
  99  10:21  Archon x2  
  96  10:43  Immortal (Chrono Boost)  
  96  10:44  Zealot x6  
  83  10:51  Zealot x10  
  81  11:11  Stalker x2  
  81  11:12  Stalker x8, Immortal (Chrono Boost)  
  81  11:36  Zealot x6  
  81  11:37  Stalker x3  
Show
View Real Time Build Order
Export as new Build Order

Antis Zerg - Winner!

Build Orders: Pool First 

Get SALT Encoding   

  12  0:17  Spawning Pool  
  11  0:22  Drone  
  11  0:27  Drone  
  13  0:31  Drone  
  14  0:43  Overlord  
  14  1:04  Zergling x4  
  14  1:05  Zergling x2  
  17  1:17  Hatchery  
  16  1:21  Zergling x2  
  17  1:27  Zergling x2  
  18  1:37  Queen  
  20  1:46  Drone  
  21  1:58  Overlord  
  21  2:03  Extractor, Drone  
  21  2:10  Drone  
  20  2:24  Queen  
  20  2:25  Drone  
  23  2:32  Drone x2  
  24  2:42  Drone x2  
  24  2:51  Zergling x2  
  25  2:52  Queen  
  25  2:54  Drone x2  
  25  2:58  Drone  
  30  3:03  Zergling x2  
  31  3:09  Metabolic Boost  
  31  3:12  Drone  
  32  3:17  Overlord  
  32  3:23  Drone  
  32  3:24  Drone x2  
  34  3:34  Drone  
  34  3:39  Drone x4  
  39  3:52  Drone x4  
  43  3:58  Hatchery  
  43  4:00  Overlord  
  42  4:04  Overlord  
  42  4:12  Roach Warren  
  42  4:16  Extractor  
  40  4:22  Drone x6  
  46  4:26  Overlord  
  46  4:28  Zergling x2  
  46  4:29  Zergling x2  
  48  4:32  Zergling x4  
  50  4:41  Queen, Spore Crawler  
  51  4:46  Drone  
  51  4:49  Drone x4  
  51  4:52  Zergling x2  
  57  4:59  Queen  
  59  5:07  Zergling x2  
  59  5:10  Overlord x2  
  59  5:14  Queen  
  60  5:15  Drone x3  
  65  5:22  Overlord  
  65  5:25  Spore Crawler  
  60  5:29  Zergling x2  
  60  5:30  Zergling x12  
  67  5:40  Roach x3  
  61  5:52  Queen  
  61  5:53  Queen  
  61  5:55  Drone x5  
  65  6:02  Drone x3  
  68  6:12  Drone x6  
  68  6:18  Drone x3  
  77  6:23  Overlord  
  74  6:29  Drone x5  
  79  6:37  Drone x3, Evolution Chamber  
  79  6:38  Drone x2  
  83  6:41  Extractor  
  82  6:47  Roach  
  82  6:48  Roach x3  
  89  6:58  Drone x6  
  89  6:59  Extractor, Overlord  
  89  7:00  Overlord  
  94  7:03  Lair  
  92  7:08  Drone  
  92  7:09  Drone x2  
  92  7:10  Overlord  
  92  7:11  Overlord  
  95  7:21  Zerg Missile Weapons Level 1  
  94  7:25  Extractor x2  
  94  7:28  Drone x8  
  100  7:37  Roach x4  
  100  7:38  Roach x3  
  114  7:44  Overlord  
  114  7:48  Evolution Chamber  
  113  7:52  Ravager x4  
  116  8:03  Roach x10  
  136  8:06  Overlord x2  
  136  8:12  Glial Reconstitution  
  136  8:16  Ravager x2  
  138  8:24  Overlord x2  
  138  8:31  Roach  
  138  8:32  Hatchery, Roach x6  
  151  8:38  Ravager x2  
  151  8:39  Overlord x3  
  152  8:49  Infestation Pit  
  152  8:52  Roach x3  
  152  8:53  Roach x6  
  169  8:57  Infestation Pit  
  169  8:58  Overlord  
  169  9:11  Roach  
  169  9:12  Roach x4  
  169  9:15  Hatchery, Overlord  
  178  9:22  Overseer  
  178  9:32  Roach x3  
  178  9:33  Roach x6  
  173  9:48  Roach x8  
  149  10:05  Roach x10  
  170  10:14  Ravager x6  
  170  10:16  Ravager x3  
  170  10:17  Ravager  
  170  10:19  Zergling x2  
  170  10:20  Zergling x8  
  179  10:36  Roach x9  
  183  10:46  Roach  
  183  10:47  Roach x5  
  174  11:01  Zergling x22  
  174  11:02  Ravager  

Tags
 
Add a new tag
Caveats
  • Supply blocks, unpowered buildings, or Contaminate may cause inaccurate times.
  • Supply counts are checked every 10 seconds.